[ AOE2 MATCH · #482811814 ]
Team RMKhmer vs Koreans
[ REPLAY ANALYSIS · EXTRACTED FROM THE RECORDED GAME ]
Feudal
11:43
Castle
16:39
Imperial
41:01
| APM avg | 30.8 |
| APM peak | 76 |
| eAPM avg | 10.6 |
| Villagers / military | 106 / 180 |
Focus
⚔️ 29.0% · 🌾 71.0%
Spearman ×180
Feudal
10:43
Castle
16:10
Imperial
31:59
| APM avg | 24.1 |
| APM peak | 52 |
| eAPM avg | 13.2 |
| Villagers / military | 129 / 265 |
Focus
⚔️ 34.4% · 🌾 65.6%
Militia ×143 · Spearman ×83 · War Wagon ×28 · Trebuchet (Packed) ×7 · Battering Ram ×4
Feudal
12:09
Castle
16:07
Imperial
35:06
| APM avg | 18.6 |
| APM peak | 57 |
| eAPM avg | 15.6 |
| Villagers / military | 178 / 267 |
Focus
⚔️ 40.4% · 🌾 59.6%
Skirmisher ×116 · Steppe Lancer ×63 · Hand Cannoneer ×35 · Knight ×17 · Cavalry Archer ×17 · Keshik ×11
Feudal
10:46
Castle
16:27
Imperial
33:34
| APM avg | 17.7 |
| APM peak | 45 |
| eAPM avg | 10.7 |
| Villagers / military | 102 / 360 |
Focus
⚔️ 37.7% · 🌾 62.3%
Spearman ×221 · Militia ×110 · Mangonel ×10 · Bombard Cannon ×10 · Trebuchet (Packed) ×9
Feudal
10:46
Castle
18:09
Imperial
33:57
| APM avg | 20.6 |
| APM peak | 66 |
| eAPM avg | 14.2 |
| Villagers / military | 95 / 249 |
Focus
⚔️ 47.7% · 🌾 52.3%
Archer ×140 · Spearman ×52 · Skirmisher ×46 · Trebuchet (Packed) ×8 · Trade Cart ×4 · Militia ×3
Feudal
10:32
Castle
14:29
Imperial
24:21
| APM avg | 18.7 |
| APM peak | 50 |
| eAPM avg | 10.6 |
| Villagers / military | 147 / 275 |
Focus
⚔️ 38.0% · 🌾 62.0%
Militia ×186 · Scorpion ×26 · Spearman ×22 · Tarkan ×12 · Skirmisher ×12 · Trebuchet (Packed) ×10
Match map
Initial resources + every placement click. Lines = walls · curves = elevation contours. ◆ gold · ⬟ stone · ● berries · ✦ relic · ◌ wall gap
Your base· ✓ Closed at 16:39 · 0t walls · 3 gate(s)
Qyandur's base· ✓ Closed at 16:10 · 0t walls · 2 gate(s)
oursblanc23's base· ✓ Closed at 16:07 · 0t walls · 2 gate(s)
victormarcen's base· ✓ Closed at 16:27 · 0t walls · 3 gate(s)
Lanzador de chanclas's base· ✓ Closed at 18:09 · 0t walls · 2 gate(s)
jayjay's base· ✓ Closed at 14:29 · 0t walls · 2 gate(s)
Smoothed initial terrain · ◌ = detected wall gap · hover for details
Inputs per minute
— gazza17 - - Qyandur
Build order — gazza17
First 150 of 305 actions detected
| 0:04 | Build | House |
| 0:08 | Build | House |
| 0:09 | Create | Villager (Male) |
| 0:09 | Create | Villager (Male) |
| 0:09 | Create | Villager (Male) |
| 0:10 | Create | Villager (Male) |
| 1:34 | Create | Villager (Male) |
| 2:04 | Build | Lumber Camp |
| 2:18 | Create | Villager (Male) |
| 2:37 | Create | Villager (Male) |
| 2:56 | Create | Villager (Male) |
| 2:57 | Create | Villager (Male) |
| 3:15 | Create | Villager (Male) |
| 4:22 | Create | Villager (Male) |
| 4:30 | Build | House |
| 5:12 | Create | Villager (Male) |
| 5:12 | Create | Villager (Male) |
| 5:13 | Create | Villager (Male) |
| 5:13 | Create | Villager (Male) |
| 5:13 | Create | Villager (Male) |
| 5:42 | Build | Mill |
| 5:55 | Create | Villager (Male) |
| 6:46 | Create | Villager (Male) |
| 6:47 | Create | Villager (Male) |
| 6:47 | Create | Villager (Male) |
| 6:47 | Create | Villager (Male) |
| 6:48 | Create | Villager (Male) |
| 7:34 | Build | House |
| 8:51 | Create | Villager (Male) |
| 9:27 | Build | Mining Camp |
| 9:33 | Research | Feudal Age |
| 10:53 | Build | House |
| 11:39 | Build | Farm |
| 11:40 | Build | Farm |
| 11:43 | Age | Feudal Age |
| 11:47 | Create | Villager (Male) |
| 11:47 | Create | Villager (Male) |
| 11:47 | Create | Villager (Male) |
| 11:48 | Create | Villager (Male) |
| 11:58 | Build | Farm |
| 12:01 | Build | Farm |
| 12:11 | Build | Blacksmith |
| 12:26 | Build | Barracks |
| 12:41 | Build | Farm |
| 12:57 | Build | Farm |
| 13:01 | Build | Farm |
| 13:30 | Build | Farm |
| 13:34 | Create | Villager (Male) |
| 13:52 | Research | Castle Age |
| 14:18 | Build | Farm |
| 14:24 | Build | House |
| 14:25 | Build | House |
| 14:26 | Build | House |
| 14:27 | Build | House |
| 14:34 | Research | Double-Bit Axe |
| 14:37 | Research | Horse Collar |
| 15:45 | Create | Villager (Male) |
| 15:45 | Create | Villager (Male) |
| 16:39 | Age | Castle Age |
| 16:42 | Build | Town Center |
| 16:44 | Create | Villager (Male) |
| 16:44 | Create | Villager (Male) |
| 16:51 | Research | Bow Saw |
| 17:19 | Research | Heavy Plow |
| 18:01 | Build | Town Center |
| 18:23 | Create | Villager (Male) |
| 18:23 | Create | Villager (Male) |
| 18:23 | Create | Villager (Male) |
| 18:24 | Create | Villager (Male) |
| 18:24 | Create | Villager (Male) |
| 18:25 | Create | Villager (Male) |
| 18:33 | Research | Stone Mining |
| 18:37 | Create | Villager (Male) |
| 18:50 | Build | Farm |
| 18:52 | Build | Farm |
| 18:53 | Build | Farm |
| 19:25 | Build | Stone Wall |
| 19:34 | Build | Stone Wall |
| 19:36 | Build | Stone Wall |
| 19:46 | Create | Villager (Male) |
| 19:46 | Create | Villager (Male) |
| 19:46 | Create | Villager (Male) |
| 19:47 | Create | Villager (Male) |
| 19:47 | Create | Villager (Male) |
| 19:47 | Create | Villager (Male) |
| 19:53 | Build | Farm |
| 19:57 | Build | Farm |
| 20:13 | Build | Stable |
| 20:22 | Create | Villager (Male) |
| 20:22 | Create | Villager (Male) |
| 20:22 | Create | Villager (Male) |
| 20:52 | Research | Loom |
| 21:07 | Build | Barracks |
| 21:12 | Build | Barracks |
| 21:38 | Research | Scale Mail Armor |
| 21:38 | Research | Forging |
| 21:49 | Create | Spearman |
| 21:49 | Create | Spearman |
| 21:49 | Create | Spearman |
| 22:07 | Build | Lumber Camp |
| 22:36 | Build | House |
| 23:34 | Build | Town Center |
| 24:34 | Research | Pikeman (upgrade) |
| 26:29 | Build | Mining Camp |
| 26:44 | Create | Villager (Male) |
| 26:44 | Create | Villager (Male) |
| 26:45 | Create | Villager (Male) |
| 26:45 | Create | Villager (Male) |
| 28:00 | Build | Mining Camp |
| 28:40 | Build | Farm |
| 28:42 | Build | Farm |
| 29:18 | Build | Castle |
| 29:23 | Create | Villager (Male) |
| 29:38 | Build | Farm |
| 29:40 | Build | Farm |
| 29:43 | Build | Farm |
| 29:47 | Build | Farm |
| 29:55 | Build | Farm |
| 29:59 | Build | Farm |
| 30:02 | Build | Farm |
| 30:06 | Build | Farm |
| 30:11 | Build | Farm |
| 30:14 | Create | Villager (Male) ×2 |
| 30:26 | Build | House |
| 30:30 | Build | House |
| 30:30 | Build | House |
| 30:31 | Build | House |
| 30:31 | Build | House |
| 30:32 | Build | House |
| 30:54 | Build | Farm |
| 30:54 | Build | Farm |
| 30:57 | Build | Farm |
| 30:57 | Build | Farm |
| 30:58 | Build | Farm |
| 30:59 | Build | Farm |
| 31:11 | Create | Villager (Male) |
| 31:11 | Create | Villager (Male) |
| 31:12 | Create | Villager (Male) |
| 31:18 | Build | Farm |
| 31:34 | Create | Villager (Male) |
| 31:34 | Create | Villager (Male) |
| 31:51 | Build | Farm |
| 32:00 | Build | Farm |
| 32:01 | Build | Farm |
| 32:13 | Research | Stone Shaft Mining |
| 32:35 | Create | Villager (Male) |
| 32:36 | Create | Villager (Male) |
| 33:08 | Build | Town Center |
| 33:15 | Create | Villager (Male) ×5 |
| 33:16 | Create | Villager (Male) ×5 |
Build order — Qyandur
First 150 of 335 actions detected
| 0:03 | Build | House |
| 0:04 | Build | House |
| 0:35 | Create | Villager (Male) |
| 0:36 | Create | Villager (Male) |
| 0:36 | Create | Villager (Male) |
| 0:36 | Create | Villager (Male) |
| 0:51 | Build | Mill |
| 0:59 | Build | Mill |
| 1:42 | Create | Villager (Male) |
| 1:43 | Create | Villager (Male) |
| 2:23 | Create | Villager (Male) |
| 2:53 | Create | Villager (Male) |
| 3:14 | Create | Villager (Male) |
| 3:14 | Create | Villager (Male) |
| 3:49 | Create | Villager (Male) |
| 3:49 | Create | Villager (Male) |
| 3:59 | Build | House |
| 4:00 | Build | House |
| 4:28 | Create | Villager (Male) |
| 4:28 | Create | Villager (Male) |
| 5:02 | Create | Villager (Male) |
| 5:03 | Create | Villager (Male) |
| 5:03 | Create | Villager (Male) |
| 5:03 | Create | Villager (Male) |
| 6:14 | Create | Villager (Male) |
| 6:45 | Create | Villager (Male) |
| 6:56 | Build | Lumber Camp |
| 7:10 | Create | Villager (Male) |
| 7:10 | Create | Villager (Male) |
| 7:50 | Create | Villager (Male) |
| 8:00 | Build | House |
| 8:00 | Build | House |
| 8:33 | Research | Feudal Age |
| 9:18 | Build | Mining Camp |
| 9:25 | Create | Villager (Male) |
| 9:25 | Create | Villager (Male) |
| 9:25 | Create | Villager (Male) |
| 9:25 | Create | Villager (Male) |
| 10:43 | Age | Feudal Age |
| 10:51 | Create | Villager (Male) |
| 10:52 | Create | Villager (Male) |
| 12:01 | Build | Market |
| 12:04 | Build | Blacksmith |
| 12:43 | Build | Farm |
| 12:43 | Build | Farm |
| 12:43 | Build | Farm |
| 12:58 | Research | Loom |
| 13:30 | Research | Castle Age |
| 13:39 | Build | Mining Camp |
| 14:20 | Research | Stone Mining |
| 14:27 | Build | Farm |
| 14:29 | Build | Farm |
| 14:30 | Build | Farm |
| 15:26 | Create | Villager (Male) |
| 15:52 | Create | Villager (Male) |
| 15:52 | Create | Villager (Male) |
| 16:10 | Age | Castle Age |
| 16:13 | Create | Villager (Male) |
| 16:23 | Build | Town Center |
| 16:51 | Build | Castle |
| 17:01 | Create | Villager (Male) |
| 17:01 | Create | Villager (Male) |
| 17:12 | Build | Farm |
| 17:15 | Create | Villager (Male) |
| 17:53 | Create | Villager (Male) |
| 17:54 | Create | Villager (Male) |
| 18:09 | Build | Mining Camp |
| 18:35 | Create | Villager (Male) |
| 18:35 | Create | Villager (Male) |
| 18:43 | Build | Farm |
| 18:43 | Build | Farm |
| 18:43 | Build | Farm |
| 18:44 | Build | Farm |
| 18:44 | Build | Farm |
| 18:59 | Create | War Wagon |
| 19:10 | Create | Villager (Male) |
| 19:28 | Create | War Wagon |
| 19:42 | Create | Villager (Male) ×2 |
| 19:47 | Build | Farm |
| 20:12 | Create | War Wagon |
| 20:12 | Create | War Wagon |
| 22:23 | Create | War Wagon |
| 22:23 | Create | War Wagon |
| 22:30 | Create | Villager (Male) |
| 22:31 | Create | Villager (Male) |
| 22:31 | Create | Villager (Male) |
| 22:31 | Create | Villager (Male) |
| 22:32 | Create | Villager (Male) |
| 22:33 | Create | Villager (Male) |
| 22:34 | Create | Villager (Male) |
| 22:34 | Create | Villager (Male) |
| 22:34 | Create | Villager (Male) |
| 22:34 | Create | Villager (Male) |
| 22:40 | Research | Double-Bit Axe |
| 23:22 | Build | Siege Workshop |
| 23:36 | Create | War Wagon |
| 23:36 | Create | War Wagon |
| 23:36 | Create | War Wagon |
| 23:45 | Build | Farm |
| 24:03 | Create | Battering Ram |
| 24:44 | Create | Battering Ram |
| 24:45 | Create | Battering Ram |
| 24:56 | Create | War Wagon |
| 25:38 | Create | Battering Ram |
| 26:26 | Create | Villager (Male) |
| 26:27 | Create | Villager (Male) |
| 26:27 | Create | Villager (Male) |
| 26:27 | Create | Villager (Male) |
| 26:35 | Build | House |
| 26:35 | Build | House |
| 26:35 | Build | House |
| 26:35 | Build | House |
| 26:36 | Build | House |
| 26:36 | Build | House |
| 26:37 | Build | House |
| 26:37 | Build | House |
| 26:37 | Build | House |
| 26:38 | Build | House |
| 26:38 | Build | House |
| 26:52 | Build | Castle |
| 27:16 | Create | War Wagon |
| 27:16 | Create | War Wagon |
| 27:16 | Create | War Wagon |
| 27:16 | Create | War Wagon |
| 28:44 | Research | Imperial Age |
| 28:44 | Research | Imperial Age |
| 29:05 | Build | Mining Camp |
| 29:35 | Build | Mining Camp |
| 30:25 | Research | Wheelbarrow |
| 30:26 | Create | Villager (Male) ×5 |
| 30:26 | Create | Villager (Male) ×5 |
| 30:48 | Build | Farm |
| 31:59 | Age | Imperial Age |
| 32:08 | Research | Conscription |
| 32:14 | Create | Trebuchet (Packed) |
| 32:22 | Create | Villager (Male) |
| 32:22 | Create | Villager (Male) |
| 32:22 | Create | Villager (Male) |
| 32:22 | Create | Villager (Male) |
| 32:26 | Research | Gold Mining |
| 32:30 | Research | Bow Saw |
| 33:39 | Build | Barracks |
| 33:40 | Build | Barracks |
| 33:41 | Build | Barracks |
| 34:03 | Build | Barracks |
| 34:03 | Build | Barracks |
| 34:31 | Create | Trebuchet (Packed) |
| 35:52 | Create | War Wagon ×5 |
| 35:52 | Create | War Wagon |
| 35:53 | Create | War Wagon |
Build order — oursblanc23
First 150 of 556 actions detected
| 0:02 | Create | Villager (Male) |
| 0:02 | Create | Villager (Male) |
| 0:02 | Create | Villager (Male) |
| 0:02 | Create | Villager (Male) |
| 0:03 | Create | Villager (Male) |
| 0:05 | Build | House |
| 0:07 | Build | House |
| 1:37 | Create | Villager (Male) |
| 1:48 | Build | Lumber Camp |
| 1:59 | Create | Villager (Male) |
| 2:43 | Create | Villager (Male) |
| 3:00 | Create | Villager (Male) |
| 3:23 | Create | Villager (Male) |
| 3:43 | Build | House |
| 3:45 | Build | House |
| 3:49 | Create | Villager (Male) |
| 4:26 | Create | Villager (Male) |
| 4:40 | Build | Mill |
| 4:55 | Create | Villager (Male) |
| 4:56 | Create | Villager (Male) |
| 5:24 | Create | Villager (Male) |
| 5:55 | Create | Villager (Male) |
| 6:10 | Create | Villager (Male) |
| 6:41 | Create | Villager (Male) |
| 6:41 | Create | Villager (Male) |
| 6:51 | Build | House |
| 7:19 | Create | Villager (Male) |
| 7:55 | Create | Villager (Male) |
| 8:08 | Build | Lumber Camp |
| 8:38 | Create | Villager (Male) |
| 9:01 | Create | Villager (Male) |
| 9:16 | Build | Mining Camp |
| 9:30 | Create | Villager (Male) |
| 9:59 | Research | Feudal Age |
| 10:20 | Build | House |
| 10:22 | Build | House |
| 10:57 | Build | Mill |
| 12:09 | Age | Feudal Age |
| 12:12 | Research | Wheelbarrow |
| 12:23 | Build | Blacksmith |
| 12:34 | Build | Market |
| 12:52 | Build | Farm |
| 13:24 | Research | Castle Age |
| 13:30 | Build | Barracks |
| 13:36 | Build | House |
| 13:48 | Build | Farm |
| 13:52 | Build | Farm |
| 14:07 | Research | Scale Barding Armor |
| 14:19 | Build | Farm |
| 14:20 | Build | Farm |
| 14:22 | Build | Farm |
| 14:25 | Build | Farm |
| 14:27 | Build | Farm |
| 14:32 | Build | Farm |
| 14:53 | Research | Double-Bit Axe |
| 15:21 | Build | Farm |
| 15:25 | Build | Farm |
| 15:32 | Build | Farm |
| 15:36 | Create | Villager (Male) |
| 15:37 | Create | Villager (Male) |
| 16:07 | Age | Castle Age |
| 16:09 | Build | Stable |
| 16:37 | Create | Villager (Male) |
| 16:50 | Build | Stable |
| 17:04 | Research | Horse Collar |
| 17:06 | Create | Villager (Male) |
| 17:12 | Create | Knight |
| 17:12 | Create | Knight |
| 17:26 | Build | Farm |
| 17:29 | Build | Farm |
| 17:37 | Create | Villager (Male) |
| 17:43 | Build | Farm |
| 17:46 | Create | Knight |
| 17:46 | Create | Knight |
| 17:54 | Create | Villager (Male) |
| 18:03 | Build | Farm |
| 18:12 | Create | Knight |
| 18:31 | Create | Villager (Male) |
| 18:32 | Create | Villager (Male) |
| 18:32 | Create | Villager (Male) |
| 19:03 | Build | Town Center |
| 19:16 | Build | Town Center |
| 19:25 | Create | Villager (Male) |
| 19:25 | Create | Villager (Male) |
| 20:01 | Research | Hand Cart |
| 20:02 | Research | Loom |
| 20:05 | Create | Villager (Male) |
| 20:28 | Build | House |
| 20:29 | Build | House |
| 20:31 | Build | House |
| 20:35 | Create | Villager (Male) |
| 20:35 | Create | Villager (Male) |
| 20:41 | Create | Villager (Male) |
| 20:41 | Create | Villager (Male) |
| 20:58 | Research | Bloodlines |
| 21:32 | Create | Villager (Male) |
| 21:32 | Create | Villager (Male) |
| 21:33 | Create | Villager (Male) |
| 21:50 | Create | Villager (Male) |
| 21:51 | Create | Villager (Male) |
| 22:11 | Build | Mining Camp |
| 22:46 | Create | Villager (Male) |
| 22:53 | Create | Steppe Lancer |
| 22:53 | Create | Steppe Lancer |
| 22:53 | Create | Steppe Lancer |
| 23:03 | Build | Siege Workshop |
| 23:05 | Research | Heavy Plow |
| 23:07 | Research | Bow Saw |
| 23:18 | Research | Forging |
| 23:42 | Create | Villager (Male) |
| 23:42 | Create | Villager (Male) |
| 23:56 | Create | Villager (Male) |
| 23:56 | Create | Villager (Male) |
| 24:25 | Build | Town Center |
| 24:31 | Create | Villager (Male) |
| 24:31 | Create | Villager (Male) |
| 24:35 | Build | House |
| 24:41 | Create | Villager (Male) |
| 24:47 | Build | Mining Camp |
| 24:50 | Create | Steppe Lancer |
| 24:51 | Create | Steppe Lancer |
| 25:15 | Create | Villager (Male) |
| 25:15 | Create | Villager (Male) |
| 25:15 | Create | Villager (Male) |
| 25:15 | Create | Villager (Male) |
| 25:16 | Create | Villager (Male) |
| 25:22 | Build | Farm |
| 25:27 | Build | Farm |
| 25:28 | Build | Farm |
| 25:35 | Create | Villager (Male) |
| 25:46 | Build | House |
| 25:48 | Build | House |
| 25:50 | Build | House |
| 25:52 | Research | Town Watch |
| 26:10 | Create | Villager (Male) |
| 26:10 | Create | Villager (Male) |
| 26:44 | Create | Villager (Male) |
| 26:44 | Create | Villager (Male) |
| 26:44 | Create | Villager (Male) |
| 26:59 | Create | Villager (Male) |
| 26:59 | Create | Villager (Male) |
| 27:04 | Build | Archery Range |
| 27:05 | Build | Archery Range |
| 27:20 | Build | Archery Range |
| 27:21 | Build | Archery Range |
| 27:54 | Build | Archery Range |
| 27:55 | Build | Archery Range |
| 27:58 | Create | Cavalry Archer |
| 27:59 | Create | Cavalry Archer |
| 28:03 | Research | Chain Barding Armor |
Build order — victormarcen
First 150 of 402 actions detected
| 0:03 | Create | Villager (Male) |
| 0:04 | Research | Loom |
| 0:08 | Build | House |
| 0:25 | Create | Villager (Male) |
| 0:25 | Create | Villager (Male) |
| 0:26 | Create | Villager (Male) |
| 1:36 | Create | Villager (Male) |
| 1:58 | Build | House |
| 2:00 | Build | House |
| 2:04 | Create | Villager (Male) |
| 2:32 | Create | Villager (Male) |
| 2:59 | Create | Villager (Male) |
| 3:30 | Create | Villager (Male) |
| 3:36 | Create | Villager (Male) |
| 3:59 | Create | Villager (Male) |
| 4:09 | Create | Villager (Male) |
| 5:06 | Create | Villager (Male) |
| 5:06 | Create | Villager (Male) |
| 5:06 | Create | Villager (Male) |
| 5:37 | Create | Villager (Male) |
| 5:47 | Build | House |
| 6:20 | Build | Mill |
| 6:48 | Create | Villager (Male) |
| 6:49 | Create | Villager (Male) |
| 7:36 | Build | Lumber Camp |
| 7:42 | Create | Villager (Male) |
| 8:11 | Create | Villager (Male) |
| 8:23 | Research | Feudal Age |
| 8:59 | Build | Mining Camp |
| 9:30 | Build | House |
| 9:31 | Build | House |
| 9:38 | Build | House |
| 9:40 | Build | House |
| 9:55 | Create | Villager (Male) |
| 10:18 | Build | House |
| 10:20 | Build | House |
| 10:46 | Age | Feudal Age |
| 10:48 | Research | Double-Bit Axe |
| 10:53 | Create | Villager (Male) |
| 10:54 | Create | Villager (Male) |
| 11:53 | Build | Market |
| 11:58 | Create | Villager (Male) |
| 12:29 | Create | Villager (Male) |
| 12:29 | Create | Villager (Male) |
| 12:35 | Build | Blacksmith |
| 13:22 | Research | Loom |
| 13:43 | Research | Castle Age |
| 14:29 | Research | Horse Collar |
| 14:38 | Build | Farm |
| 14:38 | Build | Farm |
| 14:39 | Build | Farm |
| 14:46 | Build | Farm |
| 14:51 | Build | Farm |
| 14:56 | Build | Farm |
| 15:13 | Build | Farm |
| 15:17 | Build | Farm |
| 15:34 | Build | Farm |
| 15:35 | Build | Farm |
| 16:15 | Create | Villager (Male) |
| 16:27 | Age | Castle Age |
| 16:31 | Research | Heavy Plow |
| 16:44 | Build | Town Center |
| 17:02 | Create | Villager (Male) |
| 17:02 | Create | Villager (Male) |
| 17:19 | Build | Town Center |
| 17:27 | Create | Villager (Male) |
| 17:34 | Create | Villager (Male) |
| 17:51 | Create | Villager (Male) |
| 17:56 | Build | Farm |
| 17:57 | Build | Farm |
| 17:59 | Build | Farm |
| 18:01 | Build | Farm |
| 18:30 | Build | Stone Wall |
| 18:42 | Build | Mining Camp |
| 19:12 | Create | Villager (Male) |
| 19:13 | Create | Villager (Male) |
| 19:13 | Create | Villager (Male) |
| 19:13 | Create | Villager (Male) |
| 19:50 | Build | Siege Workshop |
| 19:56 | Research | Stone Mining |
| 20:15 | Build | Stone Wall |
| 20:35 | Create | Villager (Male) |
| 20:35 | Create | Villager (Male) |
| 20:36 | Create | Villager (Male) |
| 20:36 | Create | Villager (Male) |
| 20:58 | Build | University |
| 21:05 | Create | Villager (Male) |
| 21:06 | Create | Villager (Male) |
| 21:06 | Create | Villager (Male) |
| 21:12 | Build | Farm |
| 21:13 | Build | Farm |
| 21:31 | Build | Stone Wall |
| 21:56 | Create | Villager (Male) |
| 21:56 | Create | Villager (Male) |
| 21:56 | Create | Villager (Male) |
| 22:39 | Research | Fortified Wall (upgrade) |
| 22:52 | Build | Stone Wall |
| 22:58 | Create | Villager (Male) |
| 22:58 | Create | Villager (Male) |
| 22:58 | Create | Villager (Male) |
| 23:16 | Build | Farm |
| 23:16 | Build | Farm |
| 23:16 | Build | Farm |
| 23:16 | Build | Farm |
| 23:17 | Build | Farm |
| 23:17 | Build | Farm |
| 23:17 | Build | Farm |
| 23:17 | Build | Farm |
| 23:18 | Build | Farm |
| 23:33 | Build | Stone Wall |
| 23:46 | Create | Villager (Male) |
| 23:46 | Create | Villager (Male) |
| 23:46 | Create | Villager (Male) |
| 23:47 | Create | Villager (Male) |
| 23:51 | Build | Farm |
| 23:57 | Build | House |
| 23:57 | Build | House |
| 23:57 | Build | House |
| 23:58 | Build | House |
| 23:59 | Build | House |
| 24:00 | Build | House |
| 24:00 | Build | House |
| 24:00 | Build | House |
| 24:01 | Build | House |
| 24:11 | Create | Mangonel |
| 24:19 | Build | Stone Wall |
| 24:45 | Build | Castle |
| 24:59 | Build | Stone Wall |
| 25:00 | Create | Villager (Male) |
| 25:00 | Create | Villager (Male) |
| 25:01 | Create | Villager (Male) |
| 25:01 | Create | Villager (Male) |
| 25:04 | Create | Villager (Male) |
| 25:16 | Research | Gold Mining |
| 25:49 | Create | Villager (Male) |
| 25:49 | Create | Villager (Male) |
| 25:50 | Create | Villager (Male) |
| 26:23 | Create | Villager (Male) |
| 26:23 | Create | Villager (Male) |
| 26:23 | Create | Villager (Male) |
| 26:37 | Create | Mangonel |
| 26:50 | Create | Villager (Male) |
| 26:50 | Create | Villager (Male) |
| 26:51 | Create | Villager (Male) |
| 26:51 | Create | Villager (Male) |
| 26:51 | Create | Villager (Male) |
| 26:55 | Research | Scale Mail Armor |
| 26:55 | Research | Forging |
| 27:07 | Build | Barracks |
| 27:59 | Create | Villager (Male) |
Build order — Lanzador de chanclas
First 150 of 481 actions detected
| 0:02 | Build | House |
| 0:05 | Build | House |
| 0:06 | Create | Villager (Male) |
| 0:07 | Create | Villager (Male) |
| 0:30 | Create | Villager (Male) |
| 1:17 | Research | Loom |
| 1:47 | Create | Villager (Male) |
| 2:43 | Create | Villager (Male) |
| 3:04 | Create | Villager (Male) |
| 4:09 | Create | Villager (Male) |
| 4:09 | Create | Villager (Male) |
| 4:44 | Create | Villager (Male) |
| 4:58 | Create | Villager (Male) |
| 5:27 | Create | Villager (Male) |
| 5:34 | Build | House |
| 5:35 | Build | House |
| 6:12 | Create | Villager (Male) |
| 6:21 | Build | Lumber Camp |
| 6:28 | Create | Villager (Male) |
| 7:43 | Build | Mill |
| 7:46 | Create | Villager (Male) |
| 7:48 | Create | Villager (Male) |
| 8:21 | Research | Feudal Age |
| 9:10 | Build | Mining Camp |
| 10:07 | Create | Villager (Male) |
| 10:39 | Create | Villager (Male) |
| 10:46 | Age | Feudal Age |
| 11:09 | Build | Blacksmith |
| 11:13 | Create | Villager (Male) |
| 12:08 | Create | Villager (Male) |
| 12:09 | Create | Villager (Male) |
| 12:14 | Build | Market |
| 12:38 | Build | House |
| 12:42 | Build | House |
| 12:54 | Create | Villager (Male) |
| 12:54 | Create | Villager (Male) |
| 13:16 | Build | Mining Camp |
| 13:44 | Create | Villager (Male) |
| 13:58 | Build | Farm |
| 14:06 | Build | Farm |
| 14:39 | Create | Villager (Male) |
| 15:04 | Create | Villager (Male) |
| 15:28 | Research | Castle Age |
| 15:59 | Research | Double-Bit Axe |
| 16:23 | Research | Horse Collar |
| 16:42 | Build | Farm |
| 16:43 | Build | Farm |
| 16:43 | Build | Farm |
| 16:51 | Build | Farm |
| 17:32 | Create | Villager (Male) |
| 17:39 | Build | Farm |
| 18:09 | Age | Castle Age |
| 18:24 | Build | Barracks |
| 18:25 | Build | Barracks |
| 18:41 | Create | Villager (Male) |
| 18:41 | Create | Villager (Male) |
| 18:41 | Create | Villager (Male) |
| 18:42 | Create | Villager (Male) |
| 19:46 | Research | Pikeman (upgrade) |
| 19:55 | Build | Town Center |
| 20:11 | Build | Lumber Camp |
| 20:17 | Create | Spearman |
| 20:17 | Create | Spearman |
| 21:11 | Build | House |
| 21:11 | Build | House |
| 21:28 | Create | Villager (Male) |
| 21:28 | Create | Villager (Male) |
| 21:28 | Create | Villager (Male) |
| 21:50 | Create | Villager (Male) |
| 22:06 | Create | Spearman |
| 22:06 | Create | Spearman |
| 22:24 | Create | Spearman |
| 22:24 | Create | Spearman |
| 22:25 | Create | Spearman |
| 22:25 | Create | Spearman |
| 22:44 | Create | Villager (Male) |
| 22:45 | Create | Villager (Male) |
| 22:45 | Create | Villager (Male) |
| 22:45 | Create | Villager (Male) |
| 22:46 | Create | Villager (Male) |
| 22:46 | Create | Villager (Male) |
| 22:52 | Build | Farm |
| 22:52 | Build | Farm |
| 22:53 | Build | Farm |
| 23:25 | Build | House |
| 23:26 | Build | House |
| 23:37 | Research | Bow Saw |
| 24:18 | Create | Trade Cart |
| 24:18 | Create | Trade Cart |
| 24:18 | Create | Trade Cart |
| 24:46 | Create | Spearman |
| 24:47 | Create | Spearman |
| 24:47 | Create | Spearman |
| 24:47 | Create | Spearman |
| 24:47 | Create | Spearman |
| 24:49 | Create | Spearman |
| 25:04 | Build | Castle |
| 25:25 | Research | Squires |
| 26:26 | Build | Town Center |
| 26:36 | Build | House |
| 26:36 | Build | House |
| 28:07 | Create | Spearman |
| 28:08 | Create | Spearman |
| 28:08 | Create | Spearman |
| 28:08 | Create | Spearman |
| 28:08 | Create | Spearman |
| 28:28 | Create | Villager (Male) |
| 28:28 | Create | Villager (Male) |
| 28:28 | Create | Villager (Male) |
| 28:29 | Create | Villager (Male) |
| 28:55 | Build | University |
| 29:01 | Create | Villager (Male) |
| 29:01 | Create | Villager (Male) |
| 29:01 | Create | Villager (Male) |
| 29:35 | Create | Villager (Male) |
| 29:35 | Create | Villager (Male) |
| 29:35 | Create | Villager (Male) |
| 29:35 | Create | Villager (Male) |
| 30:09 | Build | Castle |
| 30:46 | Research | Imperial Age |
| 30:57 | Research | Forging |
| 30:57 | Research | Scale Mail Armor |
| 31:09 | Create | Spearman |
| 31:57 | Create | Villager (Male) |
| 31:58 | Create | Villager (Male) |
| 31:58 | Create | Villager (Male) |
| 32:03 | Build | Farm |
| 32:03 | Build | Farm |
| 32:04 | Build | Farm |
| 32:47 | Build | Farm |
| 33:00 | Build | Farm |
| 33:01 | Build | Farm |
| 33:01 | Build | Farm |
| 33:17 | Create | Villager (Male) |
| 33:18 | Create | Villager (Male) |
| 33:18 | Create | Villager (Male) |
| 33:19 | Create | Villager (Male) |
| 33:43 | Build | Outpost |
| 33:57 | Age | Imperial Age |
| 34:04 | Create | Spearman |
| 34:04 | Create | Spearman |
| 34:05 | Create | Spearman |
| 34:05 | Create | Spearman |
| 34:05 | Create | Spearman |
| 34:05 | Create | Spearman |
| 34:15 | Build | Barracks |
| 34:17 | Build | Barracks |
| 34:54 | Create | Villager (Male) |
| 34:55 | Create | Villager (Male) |
| 34:55 | Create | Villager (Male) |
Build order — jayjay
First 150 of 391 actions detected
| 0:00 | Create | Villager (Male) |
| 0:01 | Create | Villager (Male) |
| 0:13 | Create | Villager (Male) |
| 0:14 | Create | Villager (Male) |
| 1:21 | Create | Villager (Male) |
| 1:57 | Create | Villager (Male) |
| 1:57 | Create | Villager (Male) |
| 2:20 | Create | Villager (Male) |
| 2:42 | Build | Lumber Camp |
| 2:43 | Create | Villager (Male) |
| 2:43 | Create | Villager (Male) |
| 3:02 | Create | Villager (Male) |
| 3:03 | Create | Villager (Male) |
| 3:30 | Create | Villager (Male) |
| 3:30 | Create | Villager (Male) |
| 4:05 | Create | Villager (Male) |
| 4:08 | Create | Villager (Male) |
| 4:30 | Create | Villager (Male) |
| 4:50 | Create | Villager (Male) |
| 4:50 | Create | Villager (Male) |
| 5:02 | Create | Villager (Male) |
| 5:14 | Build | Mill |
| 5:32 | Create | Villager (Male) |
| 6:07 | Create | Villager (Male) |
| 6:25 | Create | Villager (Male) |
| 6:57 | Create | Villager (Male) |
| 7:30 | Create | Villager (Male) |
| 8:14 | Build | Mining Camp |
| 8:22 | Research | Feudal Age |
| 10:30 | Build | Mining Camp |
| 10:32 | Age | Feudal Age |
| 10:38 | Build | Market |
| 10:43 | Build | Blacksmith |
| 10:47 | Create | Villager (Male) |
| 10:47 | Create | Villager (Male) |
| 11:49 | Research | Castle Age |
| 11:57 | Build | Farm |
| 12:45 | Create | Villager (Male) |
| 12:45 | Create | Villager (Male) |
| 12:54 | Build | Farm |
| 12:57 | Build | Farm |
| 13:28 | Build | Farm |
| 13:29 | Build | Farm |
| 13:30 | Build | Farm |
| 13:31 | Build | Farm |
| 14:01 | Research | Horse Collar |
| 14:28 | Create | Villager (Male) |
| 14:29 | Age | Castle Age |
| 14:32 | Build | Farm |
| 14:43 | Research | Double-Bit Axe |
| 14:44 | Research | Double-Bit Axe |
| 15:02 | Build | Farm |
| 15:43 | Create | Villager (Male) |
| 15:43 | Create | Villager (Male) |
| 15:43 | Create | Villager (Male) |
| 16:19 | Build | Castle |
| 16:31 | Create | Villager (Male) |
| 16:31 | Create | Villager (Male) |
| 16:31 | Create | Villager (Male) |
| 16:40 | Create | Villager (Male) |
| 16:40 | Create | Villager (Male) |
| 16:59 | Build | Town Center |
| 17:20 | Build | Mill |
| 17:21 | Create | Villager (Male) |
| 17:22 | Create | Villager (Male) |
| 17:38 | Create | Villager (Male) |
| 17:38 | Create | Villager (Male) |
| 18:47 | Build | Farm |
| 18:52 | Build | Farm |
| 18:58 | Build | Farm |
| 19:01 | Create | Villager (Male) |
| 19:11 | Build | Farm |
| 20:19 | Build | Farm |
| 21:11 | Research | Imperial Age |
| 21:11 | Research | Imperial Age |
| 21:11 | Research | Imperial Age |
| 21:32 | Create | Villager (Male) |
| 21:32 | Create | Villager (Male) |
| 21:37 | Create | Villager (Male) |
| 21:45 | Research | Fletching |
| 22:03 | Create | Villager (Male) |
| 22:10 | Create | Villager (Male) |
| 22:10 | Create | Villager (Male) |
| 22:13 | Create | Villager (Male) |
| 22:13 | Create | Villager (Male) |
| 22:16 | Build | Farm |
| 22:22 | Create | Villager (Male) |
| 22:22 | Create | Villager (Male) |
| 22:30 | Create | Tarkan |
| 22:30 | Create | Tarkan |
| 22:37 | Build | Barracks |
| 22:39 | Create | Villager (Male) |
| 22:49 | Create | Tarkan |
| 22:49 | Create | Tarkan |
| 23:16 | Create | Villager (Male) |
| 23:17 | Create | Villager (Male) |
| 23:28 | Create | Tarkan |
| 23:28 | Create | Tarkan |
| 23:50 | Create | Villager (Male) |
| 23:58 | Create | Tarkan |
| 24:21 | Age | Imperial Age |
| 24:25 | Create | Trebuchet (Packed) |
| 24:25 | Create | Trebuchet (Packed) |
| 24:33 | Create | Villager (Male) |
| 24:49 | Create | Villager (Male) |
| 24:52 | Create | Spearman |
| 24:52 | Create | Spearman |
| 24:52 | Create | Spearman |
| 24:52 | Create | Spearman |
| 24:53 | Create | Spearman |
| 24:53 | Create | Spearman |
| 24:55 | Create | Villager (Male) |
| 24:55 | Create | Villager (Male) |
| 25:49 | Create | Trebuchet (Packed) |
| 26:59 | Create | Trebuchet (Packed) |
| 27:06 | Create | Spearman |
| 27:06 | Create | Spearman |
| 27:06 | Create | Spearman |
| 27:10 | Create | Villager (Male) |
| 28:14 | Create | Spearman |
| 28:14 | Create | Spearman |
| 28:15 | Create | Spearman |
| 28:15 | Create | Spearman |
| 28:21 | Create | Villager (Male) |
| 28:25 | Research | Bodkin Arrow |
| 28:25 | Create | Villager (Male) |
| 28:26 | Create | Villager (Male) |
| 28:29 | Create | Villager (Male) |
| 28:30 | Create | Villager (Male) |
| 28:30 | Create | Villager (Male) |
| 28:41 | Build | Siege Workshop |
| 28:42 | Create | Villager (Male) |
| 28:57 | Research | Conscription |
| 28:58 | Create | Villager (Male) |
| 29:28 | Create | Villager (Male) |
| 29:28 | Create | Villager (Male) |
| 30:09 | Create | Villager (Male) |
| 30:10 | Create | Villager (Male) |
| 30:15 | Create | Mangonel |
| 30:15 | Create | Mangonel |
| 30:15 | Create | Mangonel |
| 30:28 | Create | Villager (Male) |
| 30:50 | Create | Trebuchet (Packed) |
| 30:51 | Create | Trebuchet (Packed) |
| 31:07 | Create | Villager (Male) |
| 31:17 | Research | Pikeman (upgrade) |
| 31:18 | Create | Villager (Male) |
| 31:25 | Build | Farm |
| 31:26 | Create | Villager (Male) |
| 31:30 | Build | Farm |
Match timeline
| 10:32 | jayjay · age_up feudal |
| 10:43 | Qyandur · age_up feudal |
| 10:46 | victormarcen · age_up feudal |
| 10:46 | Lanzador de chanclas · age_up feudal |
| 11:43 | gazza17 · age_up feudal |
| 12:09 | oursblanc23 · age_up feudal |
| 12:26 | gazza17 · first_building Barracks |
| 13:12 | victormarcen · first_market_buy 100 food |
| 13:30 | oursblanc23 · first_building Barracks |
| 13:40 | victormarcen · first_market_sell 100 wood |
| 14:29 | jayjay · age_up castle |
| 15:20 | Lanzador de chanclas · first_market_buy 100 food |
| 15:23 | Lanzador de chanclas · first_market_sell 100 stone |
| 16:07 | oursblanc23 · age_up castle |
| 16:09 | oursblanc23 · first_building Stable |
| 16:10 | Qyandur · age_up castle |
| 16:18 | Qyandur · first_market_buy 100 stone |
| 16:19 | jayjay · first_building Castle |
| 16:27 | victormarcen · age_up castle |
| 16:39 | gazza17 · age_up castle |
| 16:51 | Qyandur · first_building Castle |
| 18:09 | Lanzador de chanclas · age_up castle |
| 18:24 | Lanzador de chanclas · first_building Barracks |
| 18:30 | victormarcen · wall_segment Stone Wall x18 |
| 18:58 | oursblanc23 · first_market_buy 100 wood |
| 19:25 | gazza17 · wall_segment Stone Wall x9 |
| 19:34 | gazza17 · wall_segment Stone Wall x8 |
| 19:36 | gazza17 · wall_segment Stone Wall x6 |
| 19:50 | victormarcen · first_building Siege Workshop |
| 20:13 | gazza17 · first_building Stable |
| 20:15 | victormarcen · wall_segment Stone Wall x7 |
| 20:25 | jayjay · first_market_buy 100 food |
| 20:30 | jayjay · first_market_sell 100 wood |
| 21:31 | victormarcen · wall_segment Stone Wall x3 |
| 22:37 | jayjay · first_building Barracks |
| 22:52 | victormarcen · wall_segment Stone Wall x1 |
| 23:03 | oursblanc23 · first_building Siege Workshop |
| 23:22 | Qyandur · first_building Siege Workshop |
| 23:33 | victormarcen · wall_segment Stone Wall x4 |
| 24:19 | victormarcen · wall_segment Stone Wall x2 |
| 24:21 | jayjay · age_up imperial |
| 24:45 | victormarcen · first_building Castle |
| 24:59 | victormarcen · wall_segment Stone Wall x2 |
| 25:04 | Lanzador de chanclas · first_building Castle |
| 27:04 | oursblanc23 · first_building Archery Range |
| 27:07 | victormarcen · first_building Barracks |
| 28:34 | Qyandur · first_market_sell 100 food |
| 28:41 | jayjay · first_building Siege Workshop |
| 29:04 | oursblanc23 · first_building Castle |
| 29:18 | gazza17 · first_building Castle |
| 31:36 | oursblanc23 · first_market_sell 100 wood |
| 31:59 | Qyandur · age_up imperial |
| 33:29 | jayjay · first_building Archery Range |
| 33:34 | victormarcen · age_up imperial |
| 33:39 | Qyandur · first_building Barracks |
| 33:57 | Lanzador de chanclas · age_up imperial |
| 35:06 | oursblanc23 · age_up imperial |
| 35:17 | oursblanc23 · tribute_sent a jugador 1 |
| 35:17 | oursblanc23 · tribute_sent a jugador 3 |
| 35:17 | oursblanc23 · tribute_sent a jugador 4 |
| 35:17 | oursblanc23 · tribute_sent a jugador 5 |
| 35:17 | oursblanc23 · tribute_sent a jugador 6 |
| 41:01 | gazza17 · age_up imperial |
| 41:15 | Lanzador de chanclas · first_building Archery Range |
| 44:54 | Qyandur · wall_segment Stone Wall x1 |
| 44:56 | oursblanc23 · tribute_sent a jugador 1 |
| 44:56 | oursblanc23 · tribute_sent a jugador 3 |
| 44:56 | oursblanc23 · tribute_sent a jugador 4 |
| 44:56 | oursblanc23 · tribute_sent a jugador 5 |
| 44:56 | oursblanc23 · tribute_sent a jugador 6 |
| 46:39 | Qyandur · wall_segment Stone Wall x3 |
| 48:19 | oursblanc23 · wall_segment Stone Wall x10 |
| 51:44 | oursblanc23 · tribute_sent a jugador 1 |
| 51:44 | oursblanc23 · tribute_sent a jugador 3 |
| 51:44 | oursblanc23 · tribute_sent a jugador 4 |
| 51:44 | oursblanc23 · tribute_sent a jugador 5 |
| 51:44 | oursblanc23 · tribute_sent a jugador 6 |
| 51:52 | oursblanc23 · tribute_sent a jugador 1 |
| 51:52 | oursblanc23 · tribute_sent a jugador 3 |
| 51:52 | oursblanc23 · tribute_sent a jugador 4 |
| 51:52 | oursblanc23 · tribute_sent a jugador 5 |
| 51:52 | oursblanc23 · tribute_sent a jugador 6 |
| 52:05 | Lanzador de chanclas · tribute_sent a jugador 1 |
| 52:05 | Lanzador de chanclas · tribute_sent a jugador 2 |
| 52:05 | Lanzador de chanclas · tribute_sent a jugador 3 |
| 52:05 | Lanzador de chanclas · tribute_sent a jugador 4 |
| 52:05 | Lanzador de chanclas · tribute_sent a jugador 6 |
| 54:48 | oursblanc23 · wall_segment Stone Wall x26 |
| 63:54 | oursblanc23 · resign |
[ AI ANALYSIS · 1 CREDIT ]
What really happened in this match?
Wolo.gg analyzes every decision: build order, eco, micro, common mistakes by bracket. Personalized analysis on WhatsApp or Discord in 30 seconds.
Civ guide
Khmer
Map guide
Arena
Perfil
Jugador #971663